[Event "CZE-ch U10 2020"]
[Site "Kouty nad Desnou"]
[Date "2020.03.10"]
[Round "5.1"]
[White "Delgerdalai, Bayarjavkhlan"]
[Black "Krautschneider, Daniel Jan"]
[Result "1-0"]
[ECO "B54"]
[WhiteElo "1553"]
[BlackElo "1236"]
[Annotator "NA RC"]
[PlyCount "45"]
[EventDate "2020.03.07"]
[EventCountry "CZE"]
[SourceTitle "playchess.com"]
[Source "ChessBase"]
[SourceQuality "1"]
[TimeControl "5400+30"]

1. e4 c5 2. Nf3 d6 3. d4 cxd4 4. Nxd4 Nc6 5. c4 Nf6 6. Nc3 g6 7. Be2 Bg7 8. Be3 O-O 9. O-O a6 10. Qd2 Qc7 11. Nd5 Nxd5 12. cxd5 Nxd4 13. Bxd4 Bxd4 14. Qxd4 Bd7 15. Rac1 Qa5 16. Bc4 Bb5 17. Bxb5 axb5 18. a3 Rac8 19. e5 Rc7 20. exd6 exd6 21. b4 Rfc8 22. bxa5 Rxc1 23. Qb6 1-0

[Event "CZE-ch U10 2020"]
[Site "Kouty nad Desnou"]
[Date "2020.03.10"]
[Round "5.2"]
[White "Vana, Jan"]
[Black "Chon, Jeremy"]
[Result "1/2-1/2"]
[ECO "D31"]
[WhiteElo "1268"]
[BlackElo "1449"]
[Annotator "NA"]
[PlyCount "90"]
[EventDate "2020.03.07"]
[EventCountry "CZE"]
[SourceTitle "playchess.com"]
[Source "ChessBase"]
[SourceQuality "1"]
[TimeControl "5400+30"]

1. d4 d5 2. c4 e6 3. Nc3 f5 4. e3 Nf6 5. Bd3 c6 6. Nf3 Bd6 7. Bd2 O-O 8. Qc2 Ne4 9. h3 Nd7 10. c5 Bc7 11. b4 a6 12. a4 Qe8 13. Ke2 e5 14. g4 Nxc3+ 15. Bxc3 e4 16. gxf5 exd3+ 17. Qxd3 Qe4 18. Qxe4 dxe4 19. Ng5 Nf6 20. Ne6 Bxe6 21. fxe6 Nd5 22. Bd2 Rfe8 23. b5 Rxe6 24. Rhg1 Rg6 25. Rgb1 Rh6 26. Rh1 cxb5 27. axb5 Rf8 28. bxa6 bxa6 29. Ba5 Bxa5 30. Rxa5 Rb8 31. c6 Rb2+ 32. Kf1 Rb1+ 33. Kg2 Nxe3+ 34. Kh2 Rxh3+ 35. Kxh3 Rxh1+ 36. Kg3 Rc1 37. fxe3 Rxc6 38. d5 Rf6 39. Kg4 Kf7 40. Ra4 Rd6 41. Rd4 Kf6 42. Kf4 g5+ 43. Kxe4 a5 44. Ra4 Ra6 45. Kd4 h5 1/2-1/2

[Event "CZE-ch U10 2020"]
[Site "Kouty nad Desnou"]
[Date "2020.03.10"]
[Round "5.4"]
[White "Svadlenka, Michal"]
[Black "Alidis, Myron"]
[Result "1-0"]
[ECO "B80"]
[WhiteElo "1309"]
[BlackElo "1395"]
[Annotator "NA RC"]
[PlyCount "137"]
[EventDate "2020.03.07"]
[EventCountry "CZE"]
[SourceTitle "playchess.com"]
[Source "ChessBase"]
[SourceQuality "1"]
[TimeControl "5400+30"]

1. e4 c5 2. Nf3 e6 3. d4 cxd4 4. Nxd4 Nf6 5. Nc3 d6 6. Be3 Be7 7. f3 O-O 8. Qd2 Nc6 9. O-O-O d5 10. Nxc6 bxc6 11. e5 Nd7 12. f4 c5 13. Bf2 Bb7 14. Qd3 Qa5 15. Qb5 Qxb5 16. Bxb5 Nb6 17. Rhg1 c4 18. Na4 Nxa4 19. Bxa4 Ba6 20. c3 Rfc8 21. g3 Bc5 22. Bd4 Bxd4 23. Rxd4 Rab8 24. Rg2 Bb5 25. Bxb5 Rxb5 26. a3 Rcb8 27. Kb1 Kf8 28. Ka2 Ke7 29. Ka1 f5 30. h3 h5 31. Rdd2 Rf8 32. Rg1 Rg8 33. h4 g6 34. Rd4 Rgb8 35. Rg2 Ra5 36. Rgd2 Rb3 37. Ka2 Kd7 38. Rxc4 Rab5 39. Ra4 Rb7 40. Ra6 R3b6 41. Rxb6 Rxb6 42. Rd4 Kc6 43. Ra4 a6 44. Ra5 Kc7 45. Rc5+ Rc6 46. Rxc6+ Kxc6 47. b4 Kb5 48. Kb3 Kc6 49. c4 d4 50. Kc2 Kb6 51. Kd3 Kc6 52. Kxd4 Kb6 53. a4 Kc6 54. b5+ axb5 55. axb5+ Kb6 56. Kc3 Ka5 57. Kb3 Kb6 58. Kb4 Kc7 59. Kc5 Kd7 60. b6 g5 61. hxg5 h4 62. gxh4 Kc8 63. Kc6 Kd8 64. b7 Ke8 65. b8=Q+ Kf7 66. Kd6 Kg7 67. h5 Kh7 68. h6 Kg6 69. Qe8+ 1-0

[Event "CZE-ch U10 2020"]
[Site "Kouty nad Desnou"]
[Date "2020.03.10"]
[Round "5.5"]
[White "Roubal, Matyas"]
[Black "Stary, Vojtech"]
[Result "1-0"]
[ECO "C49"]
[WhiteElo "1380"]
[BlackElo "1559"]
[Annotator "NA RC"]
[PlyCount "37"]
[EventDate "2020.03.07"]
[EventCountry "CZE"]
[SourceTitle "playchess.com"]
[Source "ChessBase"]
[SourceQuality "1"]
[TimeControl "5400+30"]

1. e4 e5 2. Nf3 Nc6 3. Bb5 Nf6 4. Nc3 Bb4 5. O-O d6 6. Nd5 Bc5 7. d4 exd4 8. b4 Bb6 9. Bg5 Bd7 10. Bxf6 gxf6 11. Re1 Ne5 12. Bxd7+ Nxd7 13. Nxd4 c6 14. Nxb6 Qxb6 15. Nf5 Ne5 16. Qxd6 Qxf2+ 17. Kxf2 Ng4+ 18. Kg1 Rd8 19. Ng7# 1-0

[Event "CZE-ch U10 2020"]
[Site "Kouty nad Desnou"]
[Date "2020.03.10"]
[Round "5.6"]
[White "Bouska, Jiri"]
[Black "Srba, Daniel"]
[Result "1-0"]
[ECO "C65"]
[WhiteElo "1643"]
[BlackElo "1145"]
[Annotator "NA RC"]
[PlyCount "63"]
[EventDate "2020.03.07"]
[EventCountry "CZE"]
[SourceTitle "playchess.com"]
[Source "ChessBase"]
[SourceQuality "1"]
[TimeControl "5400+30"]

1. e4 e5 2. Nf3 Nc6 3. Bb5 Nf6 4. O-O Bc5 5. Re1 Ng4 6. d4 Bb6 7. h3 Nf6 8. dxe5 Ng8 9. Ng5 Nge7 10. Qh5 Nxe5 11. Bf4 N5g6 12. Bc4 d5 13. exd5 h6 14. d6 hxg5 15. dxe7 Qd4 16. Bxf7+ Kxf7 17. Bg3 Bd7 18. Qf3+ Qf6 19. Qe4 Qe6 20. Qb4 c5 21. Qd2 Qc6 22. Nc3 Ba5 23. Re3 Nxe7 24. Rae1 Ng6 25. Rd3 Rad8 26. Rd6 Qc8 27. Qd5+ Kf8 28. Rxg6 Bf5 29. Bd6+ Rxd6 30. Qxd6+ Kf7 31. Re7+ Kg8 32. Rexg7# 1-0

[Event "CZE-ch U10 2020"]
[Site "Kouty nad Desnou"]
[Date "2020.03.10"]
[Round "5.7"]
[White "Svadlenka, Dominik"]
[Black "Ruzicka, Oto"]
[Result "1-0"]
[ECO "D06"]
[WhiteElo "1410"]
[BlackElo "1168"]
[Annotator "NA RC"]
[PlyCount "51"]
[EventDate "2020.03.07"]
[EventCountry "CZE"]
[SourceTitle "playchess.com"]
[Source "ChessBase"]
[SourceQuality "1"]
[TimeControl "5400+30"]

1. d4 d5 2. c4 Nf6 3. cxd5 Nxd5 4. e4 Nb6 5. Nc3 Nc6 6. d5 Ne5 7. f4 Nec4 8. Bxc4 Nxc4 9. Qa4+ Bd7 10. Qxc4 e6 11. Nf3 Be7 12. O-O O-O 13. Kh1 Qc8 14. b3 f5 15. exf5 exf5 16. Bb2 Bf6 17. Ba3 Re8 18. Rae1 b6 19. Rxe8+ Bxe8 20. Ne5 Kh8 21. Nb5 Bxe5 22. fxe5 c6 23. Nd6 b5 24. Qc5 Qa6 25. Nxf5 b4 26. Qf8# 1-0

[Event "CZE-ch U10 2020"]
[Site "Kouty nad Desnou"]
[Date "2020.03.10"]
[Round "5.8"]
[White "Bulawa, Adam"]
[Black "Komarek, Tobias"]
[Result "0-1"]
[ECO "D31"]
[WhiteElo "1014"]
[BlackElo "1235"]
[Annotator "NA RC"]
[PlyCount "92"]
[EventDate "2020.03.07"]
[EventCountry "CZE"]
[SourceTitle "playchess.com"]
[Source "ChessBase"]
[SourceQuality "1"]
[TimeControl "5400+30"]

1. c3 e5 2. d4 exd4 3. cxd4 d5 4. Nc3 Nf6 5. Bf4 Bb4 6. e3 Ne4 7. Nge2 Bf5 8. a3 Bd6 9. Bg3 Nxg3 10. Nxg3 Bg6 11. Bd3 Bxd3 12. Qxd3 O-O 13. O-O Bxg3 14. fxg3 Nc6 15. Rf2 Qg5 16. Raf1 Rae8 17. Rf3 Na5 18. Re1 Re7 19. Qf5 Qxf5 20. Rxf5 c6 21. e4 Nc4 22. Re2 Rfe8 23. Rf4 dxe4 24. Rfxe4 Rxe4 25. Rxe4 Rxe4 26. Nxe4 Nxb2 27. Nd6 b5 28. Nc8 a5 29. Na7 Nc4 30. Nxc6 Nxa3 31. Nxa5 f6 32. Nb3 Kf7 33. Kf2 Ke6 34. Ke3 Nc2+ 35. Kd2 Nb4 36. Nc1 Nd5 37. Na2 g5 38. g4 f5 39. gxf5+ Kxf5 40. g3 Ke4 41. h4 gxh4 42. gxh4 Kxd4 43. Nc1 Nf4 44. Ne2+ Nxe2 45. Kxe2 Kc3 46. Kd1 Kb2 0-1

[Event "CZE-ch U10 2020"]
[Site "Kouty nad Desnou"]
[Date "2020.03.10"]
[Round "5.9"]
[White "Chernyy, Andrey"]
[Black "Stejskal, Jakub"]
[Result "1-0"]
[ECO "C50"]
[WhiteElo "1208"]
[BlackElo "1557"]
[Annotator "NA RC"]
[PlyCount "29"]
[EventDate "2020.03.07"]
[EventCountry "CZE"]
[SourceTitle "playchess.com"]
[Source "ChessBase"]
[SourceQuality "1"]
[TimeControl "5400+30"]

1. e4 e5 2. Nf3 Nc6 3. Bc4 Bc5 4. Nc3 d6 5. d3 Be6 6. Bxe6 fxe6 7. Na4 Bd4 8. c3 Bb6 9. Nxb6 axb6 10. Ng5 h6 11. Qh5+ Kd7 12. Qf7+ Nge7 13. Qxe6+ Ke8 14. Nf7 Qd7 15. Qxd7+ {[%emt 0:00:50] Ng8} 1-0

[Event "CZE-ch U10 2020"]
[Site "Kouty nad Desnou"]
[Date "2020.03.10"]
[Round "5.10"]
[White "Stefaniv, Vladyslav"]
[Black "Melnikov, Ivan"]
[Result "0-1"]
[ECO "B20"]
[WhiteElo "1265"]
[BlackElo "1253"]
[Annotator "NA"]
[PlyCount "52"]
[EventDate "2020.03.07"]
[EventCountry "CZE"]
[SourceTitle "playchess.com"]
[Source "ChessBase"]
[SourceQuality "1"]
[TimeControl "5400+30"]

1. e4 c5 2. c4 Nc6 3. Nf3 e5 4. Nc3 d6 5. d3 g6 6. Be2 Bg7 7. O-O Nge7 8. a3 O-O 9. Rb1 a5 10. Bd2 f5 11. Re1 fxe4 12. dxe4 Nd4 13. b4 axb4 14. axb4 cxb4 15. Rxb4 Nxe2+ 16. Qxe2 Nc6 17. Rb2 Bg4 18. Be3 Nd4 19. Bxd4 exd4 20. Nd1 d3 21. Qxd3 Bxb2 22. Nxb2 Qf6 23. Nd1 Bxf3 24. gxf3 Qxf3 25. Qf1 Rf4 26. e5 Rg4+ 0-1

[Event "CZE-ch U10 2020"]
[Site "Kouty nad Desnou"]
[Date "2020.03.10"]
[Round "5.11"]
[White "Milek, Tobias"]
[Black "Policar, Martin"]
[Result "1-0"]
[ECO "C48"]
[WhiteElo "1163"]
[BlackElo "1264"]
[Annotator "NA"]
[PlyCount "77"]
[EventDate "2020.03.07"]
[EventCountry "CZE"]
[SourceTitle "playchess.com"]
[Source "ChessBase"]
[SourceQuality "1"]
[TimeControl "5400+30"]

1. e4 Nf6 2. Nc3 e5 3. Nf3 Nc6 4. Bb5 Bc5 5. Nxe5 Qe7 6. Nxc6 dxc6 7. Be2 Nxe4 8. Nxe4 Qxe4 9. O-O O-O 10. d3 Qh4 11. g3 Qe7 12. Bf3 Re8 13. Bd2 Be6 14. Re1 Qd6 15. Bf4 Qd4 16. Be3 Qd6 17. d4 Bb6 18. c3 Rab8 19. Bf4 Qd8 20. Qc2 c5 21. d5 Bh3 22. Rxe8+ Qxe8 23. Qd2 Rd8 24. Re1 Be6 25. Qc1 Qb5 26. dxe6 fxe6 27. Rxe6 Qd3 28. Re3 Qg6 29. Be4 Qh5 30. Rd3 Re8 31. Re3 Rd8 32. Bf3 Qg6 33. Re1 c6 34. Qe3 c4 35. Qe6+ Qxe6 36. Rxe6 Rf8 37. Re7 c5 38. Bd5+ Kh8 39. Be5 1-0

[Event "CZE-ch U10 2020"]
[Site "Kouty nad Desnou"]
[Date "2020.03.10"]
[Round "5.12"]
[White "Letal, Hynek"]
[Black "Soucek, Andrej"]
[Result "1-0"]
[ECO "B35"]
[WhiteElo "1127"]
[BlackElo "1043"]
[Annotator "NA RC"]
[PlyCount "88"]
[EventDate "2020.03.07"]
[EventCountry "CZE"]
[SourceTitle "playchess.com"]
[Source "ChessBase"]
[SourceQuality "1"]
[TimeControl "5400+30"]

1. e4 c5 2. Nf3 Nc6 3. d4 cxd4 4. Nxd4 g6 5. Nc3 Bg7 6. Be3 Nf6 7. Bc4 O-O 8. Bb3 d6 9. f3 Bd7 10. Qd2 Re8 11. h4 h5 12. O-O-O a6 13. Bh6 Nxd4 14. Bxg7 Nxb3+ 15. cxb3 Kxg7 16. g4 Rc8 17. Kb1 b5 18. e5 dxe5 19. g5 Bf5+ 20. Ka1 Nd7 21. Qe2 e6 22. Rd6 Qc7 23. Rhd1 Red8 24. Qd2 b4 25. Rxd7 Rxd7 26. Qxd7 Qxd7 27. Rxd7 bxc3 28. bxc3 Rxc3 29. Ra7 Bd3 30. Kb2 Rc2+ 31. Ka3 Rf2 32. b4 Rxf3 33. Ka4 Bb5+ 34. Ka5 Ra3+ 35. Kb6 Rxa2 36. Kc5 e4 37. Kd4 Re2 38. Kc3 Re3+ 39. Kd4 Re1 40. Ke5 e3 41. Kf4 e2 42. Kg3 Rg1+ 43. Kh2 e1=Q 44. Kh3 Qg3# 1-0

[Event "CZE-ch U10 2020"]
[Site "Kouty nad Desnou"]
[Date "2020.03.11"]
[Round "6.1"]
[White "Chon, Jeremy"]
[Black "Delgerdalai, Bayarjavkhlan"]
[Result "0-1"]
[ECO "B53"]
[WhiteElo "1449"]
[BlackElo "1553"]
[Annotator "NA"]
[PlyCount "81"]
[EventDate "2020.03.07"]
[EventCountry "CZE"]
[SourceTitle "playchess.com"]
[Source "ChessBase"]
[SourceQuality "1"]
[TimeControl "5400+30"]

1. e4 c5 2. Nf3 d6 3. d4 cxd4 4. Qxd4 Nc6 5. Bb5 Bd7 6. Bxc6 bxc6 7. Nc3 Qc7 8. O-O e5 9. Qd3 Nf6 10. Bg5 Be7 11. Rfd1 Rd8 12. Re1 O-O 13. Rad1 Be6 14. Qe2 Ne8 15. Bxe7 Qxe7 16. Rd2 Nc7 17. Red1 f6 18. a3 d5 19. b4 d4 20. Na4 Nb5 21. Ra1 a5 22. Nc5 Bf7 23. Nd3 Nc3 24. Qe1 Bg6 25. Nh4 Bxe4 26. Nc5 Bg6 27. Nxg6 hxg6 28. f3 g5 29. Nd3 Qf7 30. Nc1 Ra8 31. Ne2 Nd5 32. Rdd1 Qa7 33. Kh1 Ne3 34. Rdb1 Nxc2 35. Qd2 Nxa1 36. Rxa1 c5 37. Rb1 c4 38. Rc1 d3 39. Nc3 Qd4 40. Nb5 Qf4 41. Qb2 0-1

[Event "CZE-ch U10 2020"]
[Site "Kouty nad Desnou"]
[Date "2020.03.11"]
[Round "6.3"]
[White "Krautschneider, Daniel Jan"]
[Black "Svadlenka, Michal"]
[Result "0-1"]
[ECO "B35"]
[WhiteElo "1236"]
[BlackElo "1309"]
[Annotator "NA"]
[PlyCount "108"]
[EventDate "2020.03.07"]
[EventCountry "CZE"]
[SourceTitle "playchess.com"]
[Source "ChessBase"]
[SourceQuality "1"]
[TimeControl "5400+30"]

1. e4 c5 2. Nf3 Nc6 3. d4 cxd4 4. Nxd4 g6 5. Nc3 Bg7 6. Be3 Nf6 7. Bc4 O-O 8. f3 Qb6 9. Qd3 Ne5 10. Qe2 Qxb2 11. O-O Qxc3 12. Bb3 Qc7 13. f4 Nc6 14. f5 Nxe4 15. fxg6 Nxd4 16. gxh7+ Kh8 17. Qh5 Nf6 18. Rxf6 Bxf6 19. Bh6 Bg7 20. Bxg7+ Kxg7 21. h8=Q+ Rxh8 22. Qxf7+ Kh6 23. Qxe7 Qf4 24. Rf1 Rh7 25. Qe1 Qg5 26. h4 Nf3+ 27. Rxf3 Qc5+ 28. Kh1 Rg7 29. Qd2+ Kh7 30. Rf6 Qh5 31. Qd3+ Rg6 32. Rf7+ Kh6 33. Qe3+ Rg5 34. Qxg5+ Qxg5 35. hxg5+ Kxg5 36. Rf8 Kg6 37. Kg1 Kg7 38. Rg8+ Kf6 39. g4 Ke5 40. g5 b6 41. g6 Kf6 42. Kf2 Bb7 43. Rxa8 Bxa8 44. Bf7 Be4 45. c3 Bxg6 46. Bxg6 Kxg6 47. Ke3 Kf5 48. Kd4 Ke6 49. a4 a6 50. c4 Kd6 51. Kc3 Kc5 52. Kb3 a5 53. Kc3 d6 54. Kb3 Kd4 0-1

[Event "CZE-ch U10 2020"]
[Site "Kouty nad Desnou"]
[Date "2020.03.11"]
[Round "6.4"]
[White "Bouska, Jiri"]
[Black "Roubal, Matyas"]
[Result "0-1"]
[ECO "B01"]
[WhiteElo "1643"]
[BlackElo "1380"]
[Annotator "NA RC"]
[PlyCount "70"]
[EventDate "2020.03.07"]
[EventCountry "CZE"]
[SourceTitle "playchess.com"]
[Source "ChessBase"]
[SourceQuality "1"]
[TimeControl "5400+30"]

1. e4 d5 2. exd5 Nf6 3. Nf3 Bg4 4. Be2 Qxd5 5. Nc3 Qh5 6. h3 Nc6 7. d3 O-O-O 8. Be3 e5 9. Rh2 Bxf3 10. Bxf3 Qf5 11. Bxc6 bxc6 12. g4 Qe6 13. Qe2 Bb4 14. a3 Bxc3+ 15. bxc3 e4 16. d4 Nd5 17. Qc4 Nxe3 18. Qxe6+ fxe6 19. fxe3 Rhf8 20. Ke2 Rf3 21. Rf1 Rdf8 22. Rhf2 Rxf2+ 23. Rxf2 Rxf2+ 24. Kxf2 g5 25. Kg3 Kb7 26. Kf2 Kb6 27. Ke2 Kb5 28. Kd2 Kc4 29. a4 a6 30. Kd1 Kxc3 31. Kc1 Kb4 32. Kb2 Kxa4 33. Kc3 Kb5 34. Kb3 c5 35. c4+ Kc6 0-1

[Event "CZE-ch U10 2020"]
[Site "Kouty nad Desnou"]
[Date "2020.03.11"]
[Round "6.5"]
[White "Gorej, Vojtech"]
[Black "Svadlenka, Dominik"]
[Result "1-0"]
[ECO "B18"]
[WhiteElo "1360"]
[BlackElo "1410"]
[Annotator "NA"]
[PlyCount "77"]
[EventDate "2020.03.07"]
[EventCountry "CZE"]
[SourceTitle "playchess.com"]
[Source "ChessBase"]
[SourceQuality "1"]
[TimeControl "5400+30"]

1. e4 c6 2. d4 d5 3. Nc3 dxe4 4. Nxe4 Bf5 5. Ng3 Bg6 6. h4 h6 7. h5 Bh7 8. Nf3 e6 9. Bd3 Bxd3 10. Qxd3 Nf6 11. Bf4 Nbd7 12. O-O-O Be7 13. Ne4 O-O 14. Ne5 Nd5 15. Qg3 Nxf4 16. Qxf4 f5 17. Nd2 Bg5 18. Qg3 Nb6 19. f4 Bf6 20. Ndf3 Na4 21. Ng6 Re8 22. Nfe5 Nb6 23. Qb3 a5 24. Kb1 a4 25. Qf3 a3 26. b3 Nd5 27. c4 Nc7 28. Rhg1 Bxe5 29. dxe5 Qb8 30. Rd7 Rd8 31. Rxd8+ Qxd8 32. Rd1 Qe8 33. g4 Qf7 34. Qh3 b5 35. gxf5 exf5 36. cxb5 cxb5 37. Qd3 Ne6 38. Qxb5 Qa7 39. Qd5 1-0

[Event "CZE-ch U10 2020"]
[Site "Kouty nad Desnou"]
[Date "2020.03.11"]
[Round "6.6"]
[White "Komarek, Tobias"]
[Black "Chernyy, Andrey"]
[Result "1-0"]
[ECO "C55"]
[WhiteElo "1235"]
[BlackElo "1208"]
[Annotator "NA"]
[PlyCount "157"]
[EventDate "2020.03.07"]
[EventCountry "CZE"]
[SourceTitle "playchess.com"]
[Source "ChessBase"]
[SourceQuality "1"]
[TimeControl "5400+30"]

1. e4 e5 2. Nf3 Nc6 3. Bc4 Nf6 4. d3 Be7 5. Nc3 d6 6. a3 O-O 7. h3 Be6 8. Nd5 Re8 9. O-O h6 10. Be3 Qd7 11. Qd2 Kh7 12. Nxe7 Qxe7 13. Bxe6 Qxe6 14. Rfe1 Qd7 15. Nh4 Ne7 16. f4 Ng6 17. Nf5 exf4 18. Bxf4 Nxf4 19. Qxf4 Rg8 20. e5 dxe5 21. Rxe5 Rae8 22. Rae1 Rxe5 23. Rxe5 Re8 24. Rxe8 Nxe8 25. Qe4 g6 26. Ne3 c6 27. Ng4 Qe6 28. Qxe6 fxe6 29. Kf2 Kg7 30. Ke3 h5 31. Nf2 Nd6 32. g4 Kf6 33. gxh5 gxh5 34. h4 Nf5+ 35. Kf4 Nxh4 36. Ne4+ Ke7 37. Kg5 Nf5 38. Kxh5 Ne3 39. c3 Nd1 40. b4 Nb2 41. d4 Nc4 42. a4 b6 43. Kg5 Nd6 44. Nd2 Nf5 45. Ne4 Nd6 46. Kf4 Nxe4 47. Kxe4 a6 48. c4 Kd6 49. c5+ bxc5 50. dxc5+ Kd7 51. Ke5 Ke7 52. a5 Kd7 53. Kf6 e5 54. Kxe5 Ke7 55. Kf5 Kf7 56. Kg5 Ke7 57. Kh6 Kd7 58. Kh7 Ke6 59. Kg6 Ke7 60. Kg7 Ke8 61. Kf6 Kd7 62. Kf7 Kd8 63. Ke6 Kc7 64. Ke7 Kc8 65. Kd6 Kb7 66. Kd7 Ka8 67. Kxc6 Ka7 68. Kc7 Ka8 69. Kb6 Kb8 70. Kxa6 Kc7 71. b5 Kb8 72. Kb6 Ka8 73. a6 Kb8 74. c6 Ka8 75. Kc5 Kb8 76. b6 Ka8 77. Kd6 Kb8 78. c7+ Kc8 79. b7# 1-0

[Event "CZE-ch U10 2020"]
[Site "Kouty nad Desnou"]
[Date "2020.03.11"]
[Round "6.7"]
[White "Stary, Vojtech"]
[Black "Alidis, Myron"]
[Result "0-1"]
[ECO "B80"]
[WhiteElo "1559"]
[BlackElo "1395"]
[Annotator "NA"]
[PlyCount "144"]
[EventDate "2020.03.07"]
[EventCountry "CZE"]
[SourceTitle "playchess.com"]
[Source "ChessBase"]
[SourceQuality "1"]
[TimeControl "5400+30"]

1. e4 c5 2. Nf3 e6 3. d4 cxd4 4. Nxd4 Nf6 5. Nc3 d6 6. Be3 Be7 7. f3 O-O 8. Qd2 Nc6 9. g4 d5 10. g5 Ne8 11. h4 dxe4 12. Nxc6 Qxd2+ 13. Bxd2 bxc6 14. Nxe4 Bb7 15. O-O-O Nd6 16. Nxd6 Bxd6 17. Be3 Rfd8 18. Be2 a5 19. Kb1 Bc7 20. Rxd8+ Rxd8 21. Bd3 Rd7 22. Kc1 Kf8 23. Bc5+ Bd6 24. Bxd6+ Rxd6 25. Be4 g6 26. Rd1 Rxd1+ 27. Kxd1 Kg7 28. Kd2 f5 29. Bd3 e5 30. Ke3 c5 31. Bc4 h6 32. c3 hxg5 33. hxg5 f4+ 34. Ke2 e4 35. fxe4 Bxe4 36. Be6 Kf8 37. a3 Ke7 38. Bg4 Kd6 39. Bc8 Kc6 40. Be6 Kb5 41. Bd7+ Kb6 42. Be6 Kc6 43. Bg4 Kd6 44. Bc8 a4 45. Bg4 c4 46. Bc8 Bf5 47. Ba6 Bd3+ 48. Kf3 Ke5 49. Bc8 Bf5 50. Bb7 Bc2 51. Bc8 Bf5 52. Bb7 Bh3 53. Bc6 Be6 54. Bxa4 Bd5+ 55. Kf2 Kf5 56. Bd7+ Kxg5 57. a4 Kh4 58. a5 Bb7 59. Bb5 g5 60. Bxc4 g4 61. b4 g3+ 62. Kg1 f3 63. a6 Ba8 64. Be6 Be4 65. Bc4 f2+ 66. Kf1 Kh3 67. b5 Kh2 68. b6 g2+ 69. Kxf2 g1=Q+ 70. Ke2 Qxb6 71. Be6 Qxa6+ 72. Ke3 Qxe6 0-1

[Event "CZE-ch U10 2020"]
[Site "Kouty nad Desnou"]
[Date "2020.03.11"]
[Round "6.8"]
[White "Bulawa, Adam"]
[Black "Milek, Tobias"]
[Result "1/2-1/2"]
[ECO "B51"]
[WhiteElo "1014"]
[BlackElo "1163"]
[Annotator "NA RC"]
[PlyCount "103"]
[EventDate "2020.03.07"]
[EventCountry "CZE"]
[SourceTitle "playchess.com"]
[Source "ChessBase"]
[SourceQuality "1"]
[TimeControl "5400+30"]

1. e4 c5 2. Nf3 d6 3. Bb5+ Nd7 4. O-O Ngf6 5. Re1 a6 6. Bf1 g6 7. c3 Ne5 8. Nxe5 dxe5 9. d3 Bg7 10. h3 O-O 11. Nd2 b5 12. Nf3 Qc7 13. b3 Rd8 14. Qc2 Be6 15. c4 b4 16. Bb2 Nh5 17. Rad1 Nf4 18. Kh2 Bc8 19. g3 Ne6 20. Kg1 Nd4 21. Bxd4 exd4 22. Bg2 e5 23. Nh2 Be6 24. Rf1 Qd7 25. g4 f5 26. exf5 gxf5 27. Bxa8 Rxa8 28. Qe2 fxg4 29. Nxg4 Bxg4 30. Qxg4 Qxg4+ 31. hxg4 Kh8 32. Rde1 Rg8 33. f3 Bf6 34. Re2 Rg6 35. Rh2 Bg5 36. Rh5 Be3+ 37. Kg2 Bf4 38. Rfh1 h6 39. Ra1 a5 40. a3 bxa3 41. Rxa3 Rb6 42. Rh1 Kg7 43. Rb1 h5 44. gxh5 Kh6 45. Rxa5 Kxh5 46. Rh1+ Kg5 47. Rb5 Ra6 48. Kh3 Ra2 49. Rg1+ Kh5 50. Rg2 Ra1 51. Rg8 Ra2 52. Rg2 1/2-1/2

[Event "CZE-ch U10 2020"]
[Site "Kouty nad Desnou"]
[Date "2020.03.11"]
[Round "6.9"]
[White "Melnikov, Ivan"]
[Black "Srba, Daniel"]
[Result "1-0"]
[ECO "C47"]
[WhiteElo "1253"]
[BlackElo "1145"]
[Annotator "NA RC"]
[PlyCount "68"]
[EventDate "2020.03.07"]
[EventCountry "CZE"]
[SourceTitle "playchess.com"]
[Source "ChessBase"]
[SourceQuality "1"]
[TimeControl "5400+30"]

1. e4 e5 2. Nf3 Nc6 3. Nc3 Nf6 4. d4 exd4 5. Nxd4 Bc5 6. Be3 Bb6 7. Be2 d5 8. Bb5 Bd7 9. exd5 Nxd4 10. Bxd7+ Qxd7 11. Bxd4 Bxd4 12. Qxd4 O-O 13. O-O Rad8 14. Rad1 c6 15. d6 Ne8 16. Qc5 Nxd6 17. Qxa7 Nb5 18. Rxd7 Nxa7 19. Rxb7 Nc8 20. f4 Rfe8 21. a4 Rd2 22. a5 Red8 23. a6 R2d7 24. Ra1 Na7 25. Rxd7 Rxd7 26. Re1 Kf8 27. Rd1 Rxd1+ 28. Nxd1 Ke7 29. Nc3 Ke6 30. Kf2 Kf5 31. Ke3 Ke6 32. Kd4 f5 33. Kc5 Kd7 34. Kb6 Kd6 1-0

[Event "CZE-ch U10 2020"]
[Site "Kouty nad Desnou"]
[Date "2020.03.11"]
[Round "6.10"]
[White "Ruzicka, Oto"]
[Black "Soucek, Andrej"]
[Result "0-1"]
[ECO "B35"]
[WhiteElo "1168"]
[BlackElo "1043"]
[Annotator "NA RC"]
[PlyCount "100"]
[EventDate "2020.03.07"]
[EventCountry "CZE"]
[SourceTitle "playchess.com"]
[Source "ChessBase"]
[SourceQuality "1"]
[TimeControl "5400+30"]

1. e4 c5 2. Nf3 Nc6 3. d4 cxd4 4. Nxd4 g6 5. Nc3 Bg7 6. Be3 Nf6 7. Bc4 O-O 8. Qe2 Nxe4 9. Nxe4 d5 10. Bxd5 Qxd5 11. Nc3 Qd8 12. O-O-O Nxd4 13. Bxd4 Bxd4 14. Nb5 e5 15. Qc4 Be6 16. Qb4 Qg5+ 17. Kb1 Qxg2 18. Nxd4 exd4 19. Qe7 Qxf2 20. Qxb7 Bf5 21. Rc1 d3 22. Ka1 dxc2 23. Qb5 Qb6 24. Qa4 Rab8 25. Qa3 Qb4 26. Qc3 Qxc3 27. bxc3 Rb1+ 28. Rxb1 cxb1=Q+ 29. Rxb1 Bxb1 30. Kxb1 f5 31. Kc2 f4 32. Kd2 f3 33. Ke1 h5 34. Kf2 g5 35. c4 g4 36. c5 h4 37. c6 g3+ 38. hxg3 hxg3+ 39. Ke3 f2 40. c7 f1=Q 41. Kd4 Rc8 42. Kd5 Rxc7 43. Ke5 Rc4 44. Kd5 Qd3+ 45. Ke5 Qd4+ 46. Kf5 Rc5+ 47. Ke6 Qd5+ 48. Kf6 Rc6+ 49. Ke7 Qd6+ 50. Ke8 Rc8# 0-1

[Event "CZE-ch U10 2020"]
[Site "Kouty nad Desnou"]
[Date "2020.03.11"]
[Round "6.11"]
[White "Policar, Martin"]
[Black "Stefaniv, Vladyslav"]
[Result "1-0"]
[ECO "B21"]
[WhiteElo "1264"]
[BlackElo "1265"]
[Annotator "NA"]
[PlyCount "61"]
[EventDate "2020.03.07"]
[EventCountry "CZE"]
[SourceTitle "playchess.com"]
[Source "ChessBase"]
[SourceQuality "1"]
[TimeControl "5400+30"]

1. e4 c5 2. d4 cxd4 3. c3 dxc3 4. Nxc3 e6 5. Nf3 Nc6 6. Bc4 a6 7. a4 Nf6 8. Bf4 d6 9. Qd2 h6 10. Rd1 e5 11. Bg3 Bg4 12. Be2 Bxf3 13. Bxf3 Qc7 14. Nd5 Nxd5 15. exd5 Nd4 16. Be4 f5 17. Bb1 Rc8 18. Qe3 Nc2+ 19. Bxc2 Qxc2 20. f4 e4 21. O-O Qxb2 22. Rb1 Qc3 23. Qxc3 Rxc3 24. Rxb7 Ra3 25. Rc1 Be7 26. Rc8+ Bd8 27. Bh4 Ra1+ 28. Kf2 Ra2+ 29. Ke1 Ra1+ 30. Kd2 e3+ 31. Kc2 1-0

[Event "CZE-ch U10 2020"]
[Site "Kouty nad Desnou"]
[Date "2020.03.11"]
[Round "6.12"]
[White "Stejskal, Jakub"]
[Black "Letal, Hynek"]
[Result "0-1"]
[ECO "B24"]
[WhiteElo "1557"]
[BlackElo "1127"]
[Annotator "NA RC"]
[PlyCount "38"]
[EventDate "2020.03.07"]
[EventCountry "CZE"]
[SourceTitle "playchess.com"]
[Source "ChessBase"]
[SourceQuality "1"]
[TimeControl "5400+30"]

1. e4 c5 2. Nc3 Nc6 3. Nf3 Nf6 4. Bc4 g6 5. d4 cxd4 6. Nxd4 Bg7 7. Nxc6 bxc6 8. e5 Ng4 9. f4 d6 10. e6 f5 11. O-O O-O 12. Qd3 d5 13. Bb3 Qb6+ 14. Kh1 Nf2+ 15. Rxf2 Qxf2 16. Be3 Qh4 17. Rd1 Bxe6 18. Qe2 Bf7 19. Bf2 Qxf4 0-1